[Event "Titled Tuesday Blitz August 16 Late 2022"]
[White "Martin Barcelo, Carles"]
[Black "Bringas Gomez, Artai"]
[WhiteFideId "24561444"]
[BlackFideId "24534064"]
[WhiteElo "1922"]
[BlackElo "2039"]
[Result "1-0"]
[Round "08"]
[TimeControl "180+1"]
[Date "2022.08.18"]
[WhiteClock "0:00:00"]
[BlackClock "0:00:00"]

1. e4 e5 2. Nf3 Nc6 3. Nc3 Nf6 4. g3 g6 5. Bg2 Bg7 6. O-O O-O 7. d3 h6 8. h3 d6 9. Be3 Re8 10. Qd2 Kh7 11. d4 d5 12. exd5 Nxd5 13. Nxd5 Qxd5 14. Ng5+ hxg5 15. Bxd5 Bxh3 16. Bg2 Bxg2 17. Kxg2 exd4 18. Bxg5 f6 19. Rh1+ Kg8 20. Bh6 Bh8 21. Rae1 Red8 22. Qd3 Kf7 23. Qc4+ Rd5 24. Qxd5# 1-0


[Site "https://www.chess.com"]

[Event "Titled Tuesday Blitz August 16 Late 2022"]
[White "Martinez Reyes, Pedro Ramon"]
[Black "Sokolovsky, Yahli"]
[WhiteFideId "3901807"]
[BlackFideId "2820242"]
[WhiteElo "2327"]
[BlackElo "1867"]
[Result "0-1"]
[Round "08"]
[TimeControl "180+1"]
[Date "2022.08.18"]
[WhiteClock "0:00:00"]
[BlackClock "0:00:00"]

1. e4 g6 2. d4 Bg7 3. Nc3 d6 4. Nf3 a6 5. a4 b6 6. h3 Bb7 7. Bd3 Nd7 8. O-O c5 9. d5 Ngf6 10. Re1 O-O 11. Bf4 Qc7 12. e5 dxe5 13. Nxe5 Nxe5 14. Bxe5 Qd7 15. Bc4 Rad8 16. Qe2 Nxd5 17. Bxg7 Kxg7 18. Rad1 e6 19. Nxd5 Bxd5 20. Bxd5 exd5 21. Qxa6 Qc7 22. c3 Rfe8 23. Qb5 Rxe1+ 24. Rxe1 d4 25. cxd4 cxd4 26. Qd3 Qc5 27. b3 Rd6 28. g3 Rf6 29. Kg2 Qd5+ 30. f3 Rc6 31. Re4 Rd6 32. h4 Qc5 33. Re2 h5 34. Rd2 Qe5 35. Re2 Qd5 36. Rd2 Rf6 37. b4 Rd6 38. b5 Qa8 39. Qc4 Qd8 40. Rd3 Qf6 41. Qb4 Qe5 42. Qd2 Qc5 43. Kf2 Re6 44. Rxd4 Rd6 45. Ke3 Qe5+ 46. Re4 Qxg3 47. Qc3+ Kh7 48. Qe5 Qe1+ 49. Kf4 Qd2+ 50. Kg3 Re6 51. Qf4 Qxf4+ 52. Kxf4 Rf6+ 53. Kg3 Rd6 54. Rc4 Kg7 55. Rc6 Rd4 56. Rxb6 Rxa4 57. Rb8 Rb4 58. b6 f6 59. f4 Rb3+ 60. Kf2 Kf7 61. Ke2 Ke6 62. b7 Kf5 63. Kd2 Kxf4 64. Kc2 Rb6 65. Kc3 Kg4 66. Kc4 Kxh4 67. Kc5 Rb1 68. Kc6 g5 69. Rf8 Rc1+ 70. Kd5 Rb1 71. b8=Q Rxb8 72. Rxb8 Kg3 73. Ke4 h4 74. Rb3+ Kg4 75. Ke3 Kg3 76. Ke2+ Kg2 77. Rb4 f5 78. Rb5 g4 79. Rxf5 h3 80. Rg5 g3 81. Ke3 h2 82. Kf4 h1=Q 83. Rxg3+ Kf1 84. Rg4 Ke2 85. Kg5 Qd5+ 86. Kh4 Kf3 87. Rg3+ Kf2 88. Rg5 Qd8 89. Kh5 Qh8+ 90. Kg6 Qg8+ 91. Kf6 Qf8+ 92. Kg6 Qe7 93. Rf5+ Ke3 94. Rf7 Qe8 95. Kg7 Ke4 96. Rf8 Qe6 97. Rf7 Ke5 98. Kf8 Qh6+ 99. Kg8 Ke6 100. Re7+ Kd6 101. Rf7 Qg6+ 102. Kh8 Qh5+ 103. Kg8 Ke6 104. Rf2 Qg5+ 105. Kf8 Qd8+ 106. Kg7 Qd4+ 107. Kg8 Qxf2 0-1


[Site "https://www.chess.com"]

[Event "Titled Tuesday Blitz August 16 Late 2022"]
[White "Mendez Fortes, Eduardo Jesus"]
[Black "Begmuratov, Khumoyun"]
[WhiteFideId "3502376"]
[BlackFideId "14210207"]
[WhiteElo "2307"]
[BlackElo "1978"]
[Result "0-1"]
[Round "08"]
[TimeControl "180+1"]
[Date "2022.08.16"]
[WhiteClock "0:00:06"]
[BlackClock "0:00:03"]

1. e4 e5 2. Nf3 Nc6 3. Bb5 Nf6 4. d3 Bc5 5. Bxc6 dxc6 6. O-O Nd7 7. Nbd2 O-O 8. Nb3 Bd6 9. Na5 c5 10. Be3 b6 11. Nc4 Qf6 12. a4 a5 13. Nfd2 Qg6 14. Nxd6 cxd6 15. f4 f5 16. fxe5 Nxe5 17. Bf4 Nc6 18. Nc4 fxe4 19. dxe4 Nd4 20. Bxd6 Bg4 21. Qd3 Be2 22. Rxf8+ Rxf8 23. Qh3 Bg4 24. Qe3 Re8 25. Rf1 Nxc2 26. Qf2 h6 27. Qxc2 Be6 28. Bg3 Kh7 29. Ne5 Qh5 30. Nf3 Kh8 31. e5 Rd8 32. Nh4 Bf7 33. Qf2 Kg8 34. Qf5 Qxf5 35. Nxf5 Be6 36. Nd6 Rd7 37. Rf4 Kh7 38. Kf2 Kg6 39. Re4 Kg5 40. Re3 h5 41. h3 h4 42. Bh2 Kh5 43. Rf3 g5 44. Ke3 Rc7 45. Rf6 Bb3 46. Nf5 Rh7 47. Re6 Bxe6 48. Nd6 c4 49. Ne4 g4 50. Nf6+ Kg6 51. Nxh7 Kxh7 52. hxg4 Bxg4 53. Kf4 Bd7 54. Bg1 Bxa4 55. Bxb6 Bc6 56. Bxa5 Bxg2 0-1


[Site "https://www.chess.com"]

[Event "Titled Tuesday Blitz August 16 Late 2022"]
[White "Mickiewicz, Piotr"]
[Black "Blanco Ronquillo, Humberto L."]
[WhiteFideId "1114891"]
[BlackFideId "3504239"]
[WhiteElo "2266"]
[BlackElo "2425"]
[Result "0-1"]
[Round "08"]
[TimeControl "180+1"]
[Date "2022.08.18"]
[WhiteClock "0:00:00"]
[BlackClock "0:00:00"]

1. e4 c5 2. Nf3 Nc6 3. Bb5 Nf6 4. Nc3 e5 5. O-O d6 6. d3 Be7 7. Ne2 O-O 8. Ng3 Bg4 9. c3 Nh5 10. Ba4 Nxg3 11. hxg3 f5 12. Bb3+ Kh8 13. exf5 Rxf5 14. Be6 Qf8 15. Bxf5 Qxf5 16. Qe2 Rf8 17. Qe4 Qh5 18. Nh2 Bf5 19. Qe3 Qg6 20. Rd1 d5 21. Nf3 Bg4 22. Re1 Bf6 23. Bd2 d4 24. cxd4 cxd4 25. Qe4 Bf5 26. Qd5 Bxd3 27. Nxe5 Bxe5 28. Rxe5 Qf6 29. Bf4 Nxe5 30. Qxe5 Bg6 31. Qxf6 gxf6 32. Rd1 d3 33. f3 Rc8 34. Rd2 Kg7 35. Kf2 Kf7 36. g4 Ke6 37. Be3 a6 38. f4 Be4 39. Kg3 f5 40. gxf5+ Kxf5 41. Kh4 Rg8 42. g3 Rg4+ 43. Kh3 h5 44. Rd1 Rg7 45. Rc1 Rd7 46. Rc5+ Kf6 47. Bd2 Bf5+ 48. Kg2 Bg4 49. Kf2 Kf7 50. Ke3 Be2 51. Bc3 Re7+ 52. Kd2 Bf1 53. Re5 Rxe5 54. Bxe5 Ke6 55. Ke3 Kf5 56. a3 Kg4 57. Bd6 Be2 58. Be5 b5 59. Bd6 Kf5 60. Be5 Ke6 61. Kd2 Kd5 62. Ke3 Bf1 63. Bc3 Ke6 64. Be5 Kf5 65. Bc7 Be2 66. Bb8 a5 67. Bc7 a4 68. Bd6 Ke6 69. Bc7 Kd5 70. Be5 Kc4 71. Bc3 Bg4 72. Kd2 Bf5 73. Ke3 Kb3 74. Kd2 Kc4 75. Be5 Kd5 76. Bc3 Ke6 77. Ke3 Kf7 78. Be5 Kg6 79. Bc3 Kf7 80. Be5 Ke7 81. Bc3 Kd7 82. Bb4 Kc6 83. Bc3 Kd5 84. Bb4 Kc4 85. Bc3 Kb3 86. Kd2 Bg6 87. Bd4 Kc4 88. Bc3 Kd5 89. Bb4 Ke4 90. Bc3 Kf3 91. Be5 Bf5 92. Bd6 Kxg3 93. Be5 h4 94. Bf6 h3 0-1


[Site "https://www.chess.com"]

[Event "Titled Tuesday Blitz August 16 Late 2022"]
[White "Mikhailov, Viacheslav"]
[Black "Bodnar, Nikolay"]
[WhiteFideId "4187369"]
[BlackFideId "14106469"]
[WhiteElo "2381"]
[BlackElo "2283"]
[Result "1-0"]
[Round "08"]
[TimeControl "180+1"]
[Date "2022.08.16"]
[WhiteClock "0:00:11"]
[BlackClock "0:00:26"]

1. Nf3 d5 2. g3 Bg4 3. Bg2 Nd7 4. d4 c6 5. O-O Ngf6 6. c4 e6 7. Nc3 Be7 8. h3 Bh5 9. Ne5 O-O 10. Bf4 a5 11. Qb3 Qc8 12. Rfc1 dxc4 13. Nxc4 Nd5 14. Bd6 Bxd6 15. Nxd6 Qc7 16. Nxd5 exd5 17. Qxd5 Bxe2 18. Nf5 Nf6 19. Qe5 Qxe5 20. dxe5 Nd7 21. f4 Rab8 22. Rc2 Bd3 23. Ne7+ Kh8 24. Rd2 Rfe8 25. Nxc6 bxc6 26. Rxd3 Nc5 27. Rd2 Rec8 28. Rc1 Ne6 29. Rxc6 Rxc6 30. Bxc6 g6 31. Bd5 Rd8 32. Rd1 h5 33. h4 Kg7 34. Bb3 Nd4 35. Kf2 f6 36. Ke3 Nf5+ 37. Kf3 Rf8 38. Rd7+ Kh6 39. e6 Rc8 40. Bd5 Rc1 41. Be4 Rf1+ 42. Kg2 Ne3+ 43. Kh3 f5 44. Bb7 Ng4 45. e7 Re1 46. Bf3 Nf6 47. Ra7 Ng8 48. Rxa5 Rxe7 49. b4 Re3 50. Kg2 Rc3 51. b5 Rc2+ 52. Kf1 Ne7 53. b6 Rb2 54. b7 Rb1+ 55. Ke2 Rb2+ 56. Kd1 Ng8 57. a4 Nf6 58. Rb5 Rxb5 59. axb5 Nd7 60. Kd2 Kg7 61. Kd3 Kf6 62. Bd5 Ke7 63. Kd4 Kd6 64. Bf7 Kc7 65. Bxg6 Kxb7 66. Bxf5 Nf6 67. Ke5 Ne8 68. Bg6 Nc7 69. Bxh5 Nxb5 70. Bf3+ Kc7 71. h5 Kd8 72. h6 Nd6 73. Kxd6 Ke8 74. h7 Kf7 75. h8=Q Kg6 76. Qh5+ Kg7 77. Qg5+ Kf7 78. Bd5+ Kf8 79. Qg8# 1-0


[Site "https://www.chess.com"]

[Event "Titled Tuesday Blitz August 16 Late 2022"]
[White "Miszler, Levente"]
[Black "Abdyzhapar, Asylbek"]
[WhiteFideId "763276"]
[BlackFideId "13800337"]
[WhiteElo "1966"]
[BlackElo "2323"]
[Result "1-0"]
[Round "08"]
[TimeControl "180+1"]
[Date "2022.08.18"]
[WhiteClock "0:00:00"]
[BlackClock "0:00:00"]

1. Nf3 Nf6 2. c4 e6 3. g3 c5 4. Bg2 b6 5. O-O Bb7 6. Nc3 Be7 7. Ne1 Bxg2 8. Nxg2 O-O 9. d4 cxd4 10. Qxd4 Nc6 11. Qd2 Rc8 12. b3 Bb4 13. Bb2 d5 14. cxd5 Nxd5 15. Rfd1 Nxc3 16. Bxc3 Qxd2 17. Bxd2 Ba3 18. Ne3 Nd4 19. Nc4 Be7 20. Kf1 b5 21. Ne5 Ba3 22. Bc1 Nc2 23. Bxa3 Nxa3 24. Rac1 f6 25. Nc6 Rc7 26. Nd4 Rfc8 27. Rxc7 Rxc7 28. Nxe6 Rc2 29. Rd7 Rxa2 30. Rxg7+ Kh8 31. Rxa7 Kg8 32. Nd4 b4 33. Nc6 Ra1+ 34. Kg2 Rb1 35. Nxb4 Rxb3 36. Nd5 f5 37. Nf6+ Kf8 38. Nxh7+ Ke8 39. Nf6+ Kf8 40. h4 Nc4 41. h5 Ne5 42. h6 Ng6 43. h7 Rc3 44. Nd7+ Kg7 45. Ne5+ Kf6 46. Nxg6 Kxg6 47. h8=Q 1-0


[Site "https://www.chess.com"]

[Event "Titled Tuesday Blitz August 16 Late 2022"]
[White "Moore, Alex"]
[Black "Sanchez, Robert"]
[WhiteFideId "30910692"]
[BlackFideId "2034360"]
[WhiteElo "1912"]
[BlackElo "1966"]
[Result "0-1"]
[Round "08"]
[TimeControl "180+1"]
[Date "2022.08.18"]
[WhiteClock "0:00:00"]
[BlackClock "0:00:00"]

1. d4 Nf6 2. c4 e6 3. Nf3 Bb4+ 4. Bd2 Qe7 5. g3 Nc6 6. Bg2 Bxd2+ 7. Qxd2 Ne4 8. Qc2 Qb4+ 9. Nc3 d5 10. cxd5 exd5 11. e3 Bf5 12. Qb3 O-O-O 13. O-O Qxb3 14. axb3 Nxc3 15. bxc3 Kb8 16. c4 Bd3 17. Rfc1 dxc4 18. bxc4 f6 19. Ra3 Be4 20. Nd2 Bxg2 21. Kxg2 f5 22. Rb3 Kc8 23. Ra1 a6 24. Rab1 b6 25. Ra3 a5 26. Rb5 g6 27. c5 bxc5 28. Rxc5 Kd7 29. Rac3 Nb4 30. Rxa5 c6 31. Ra7+ Ke6 32. Rc4 Rb8 33. Nb3 h5 34. Na5 Rb6 35. Rc7 Kd5 0-1


[Site "https://www.chess.com"]

[Event "Titled Tuesday Blitz August 16 Late 2022"]
[White "Nozdrachev, Leonid"]
[Black "Bartholomew, John"]
[WhiteFideId "24113433"]
[BlackFideId "2019353"]
[WhiteElo "2100"]
[BlackElo "2701"]
[Result "0-1"]
[Round "08"]
[TimeControl "180+1"]
[Date "2022.08.16"]
[WhiteClock "0:00:01"]
[BlackClock "0:00:05"]

1. e4 d5 2. exd5 Qxd5 3. Nc3 Qa5 4. d4 Nf6 5. Nf3 Bf5 6. Bc4 e6 7. Ne5 Nbd7 8. Nxd7 Nxd7 9. O-O c6 10. g4 Bg6 11. f4 O-O-O 12. Bd2 Qb6 13. Ne2 Nf6 14. Qe1 Qc7 15. f5 exf5 16. gxf5 Bh5 17. c3 Bd6 18. Ng3 Rde8 19. Qf2 Ne4 20. Nxe4 Rxe4 21. Rae1 Rhe8 22. Rxe4 Rxe4 23. Re1 Qe7 24. f6 Rxe1+ 25. Bxe1 gxf6 26. Qf5+ Kc7 27. Bf2 Bg6 28. Qf3 Be4 29. Qh3 f5 30. Qxh7 Qg5+ 31. Kf1 Qc1+ 32. Be1 Qf4+ 33. Bf2 Qc1+ 34. Be1 b5 35. Be2 Qf4+ 36. Bf2 Bd5 37. b3 Qe4 38. Qh3 f4 39. Qg4 Qb1+ 40. Be1 Qxa2 41. Bf3 Qxb3 42. Bxd5 Qxd5 43. Qg7 Kb6 44. Qf8 Qf3+ 0-1


[Site "https://www.chess.com"]

[Event "Titled Tuesday Blitz August 16 Late 2022"]
[White "Omariev, Maksim"]
[Black "Urh, Zala"]
[WhiteFideId "4193423"]
[BlackFideId "14611481"]
[WhiteElo "2304"]
[BlackElo "2097"]
[Result "1/2-1/2"]
[Round "08"]
[TimeControl "180+1"]
[Date "2022.08.18"]
[WhiteClock "0:00:00"]
[BlackClock "0:00:00"]

1. g4 d5 2. Bg2 c6 3. h3 e6 4. d4 Bd6 5. Nf3 Ne7 6. c4 Ng6 7. Nc3 Nd7 8. cxd5 exd5 9. Be3 Nf4 10. Bf1 Nf6 11. Qd2 Ng6 12. O-O-O Be6 13. Kb1 Qc7 14. Ng5 O-O-O 15. Nxe6 fxe6 16. g5 Nd7 17. h4 e5 18. h5 Nf4 19. dxe5 Bxe5 20. Bxa7 b6 21. e3 Kb7 22. exf4 Bxf4 23. Bxb6 Nxb6 24. Qc2 Bxg5 25. Bd3 h6 26. a4 Ra8 27. b3 Rhf8 28. Rhe1 Bf6 29. Re2 Qd6 30. Rc1 Qa3 31. Qa2 Qb4 32. Qc2 Bxc3 33. Qxc3 Rxa4 34. Qxc6+ Kb8 35. Qc7+ Ka8 36. Qc6+ Kb8 37. Qc7+ Ka8 38. Qc6+ Kb8 1/2-1/2


[Site "https://www.chess.com"]

[Event "Titled Tuesday Blitz August 16 Late 2022"]
[White "Oparin, Grigoriy"]
[Black "Melikyan, Gnel"]
[WhiteFideId "24125890"]
[BlackFideId "54109990"]
[WhiteElo "2639"]
[BlackElo "1772"]
[Result "1/2-1/2"]
[Round "08"]
[TimeControl "180+1"]
[Date "2022.08.16"]
[WhiteClock "0:00:07"]
[BlackClock "0:00:05"]

1. c4 Nf6 2. Nc3 g6 3. e4 d6 4. d4 Bg7 5. h4 c6 6. Be2 e5 7. dxe5 dxe5 8. Qxd8+ Kxd8 9. h5 Nxh5 10. Bxh5 gxh5 11. Rxh5 Be6 12. b3 Nd7 13. Bh6 Bxh6 14. Rxh6 Ke7 15. O-O-O Rag8 16. g3 Rg6 17. Rh2 h5 18. Nf3 Bg4 19. Rd3 Bxf3 20. Rxf3 Rf6 21. Rxf6 Nxf6 22. f3 Rd8 23. Kc2 Rg8 24. Ne2 Rg5 25. Kd2 Rg8 26. Rh3 Rd8+ 27. Kc2 Rg8 28. Nc3 Ke6 29. Nd1 h4 30. g4 Nh7 31. Rxh4 Ng5 32. Rh6+ Rg6 33. Rh8 Nxf3 34. Ne3 Kd7 35. c5 Kc7 36. Kd3 b6 37. b4 Kb7 38. Re8 f6 39. cxb6 axb6 40. a4 Rh6 41. Re7+ Kb8 42. Nc4 b5 43. axb5 cxb5 44. Na5 Nd4 45. g5 Rh3+ 46. Kd2 Rh2+ 47. Ke1 fxg5 48. Kf1 g4 49. Rg7 Rb2 50. Rg8+ Kc7 51. Rg7+ Kd8 52. Nb7+ Ke8 53. Nd6+ Kf8 54. Rxg4 Rxb4 55. Rg5 Rb1+ 56. Kf2 Rb2+ 57. Kf1 Ke7 58. Rxe5+ Kxd6 59. Rd5+ Ke6 60. Rxd4 Ke5 61. Rd8 Kxe4 62. Ke1 Rc2 63. Kd1 Rc4 64. Ke2 b4 65. Kd2 Ke5 66. Kd3 Rc3+ 67. Kd2 Rh3 68. Rb8 b3 69. Kc1 Kd4 70. Kb2 Rd3 71. Rb4+ Ke3 72. Rxb3 Rxb3+ 73. Kxb3 1/2-1/2


[Site "https://www.chess.com"]

[Event "Titled Tuesday Blitz August 16 Late 2022"]
[White "Ozalp, Burak"]
[Black "Reprintsev, Alexander"]
[WhiteFideId "6314210"]
[BlackFideId "14100541"]
[WhiteElo "1854"]
[BlackElo "2108"]
[Result "0-1"]
[Round "08"]
[TimeControl "180+1"]
[Date "2022.08.18"]
[WhiteClock "0:00:00"]
[BlackClock "0:00:00"]

1. e4 d5 2. exd5 Qxd5 3. Nc3 Qa5 4. d4 Nf6 5. Nf3 Nc6 6. Bd2 a6 7. Bc4 Qh5 8. Qe2 Bg4 9. Be3 O-O-O 10. O-O-O e6 11. h3 Bxf3 12. gxf3 Bb4 13. Bxa6 Bxc3 14. bxc3 bxa6 15. Qxa6+ Kd7 16. d5 exd5 17. c4 Ra8 18. Qb5 Rhb8 19. Qc5 Ra5 20. cxd5 Rxc5 21. dxc6+ Kxc6 22. Bxc5 Qxc5 0-1


[Site "https://www.chess.com"]

[Event "Titled Tuesday Blitz August 16 Late 2022"]
[White "Paravyan, David"]
[Black "Holt, Conrad"]
[WhiteFideId "4194985"]
[BlackFideId "2034387"]
[WhiteElo "2569"]
[BlackElo "2586"]
[Result "1-0"]
[Round "08"]
[TimeControl "180+1"]
[Date "2022.08.16"]
[WhiteClock "0:00:41"]
[BlackClock "0:00:19"]

1. e4 e6 2. d4 d5 3. Nc3 Nf6 4. Bg5 dxe4 5. Nxe4 Be7 6. Nxf6+ Bxf6 7. Bxf6 Qxf6 8. Nf3 c5 9. Bb5+ Bd7 10. Qe2 Nc6 11. O-O-O cxd4 12. Nxd4 Nxd4 13. Bxd7+ Kxd7 14. Rxd4+ Qxd4 15. Rd1 Qxd1+ 16. Qxd1+ Kc7 17. Qg4 Raf8 18. Qxg7 Rhg8 19. Qe5+ Kc8 20. g3 Rd8 21. Qh5 Rg6 22. Qxh7 Rf6 23. f4 e5 24. Qg7 Rfd6 25. Qg4+ Kb8 26. fxe5 Rd5 27. b3 Re8 28. Qf4 Rdxe5 29. Qxf7 Re1+ 30. Kb2 R1e2 31. h4 Rc8 32. Qf4+ Rc7 33. Qf5 b6 34. h5 Rc5 35. Qg6 Rh2 36. g4 Kb7 37. a4 a6 38. Qe4+ Rc6 39. b4 b5 40. a5 Rh4 41. Qg2 1-0


[Site "https://www.chess.com"]

[Event "Titled Tuesday Blitz August 16 Late 2022"]
[White "Pinheiro, Iung Alicio de O."]
[Black "Postnikov, Daniil"]
[WhiteFideId "2104350"]
[BlackFideId "4166329"]
[WhiteElo "2283"]
[BlackElo "2261"]
[Result "0-1"]
[Round "08"]
[TimeControl "180+1"]
[Date "2022.08.16"]
[WhiteClock "0:00:03"]
[BlackClock "0:00:44"]

1. e4 e6 2. d4 d5 3. e5 c5 4. c3 Nc6 5. Nf3 Qb6 6. Bd3 f6 7. O-O fxe5 8. dxe5 c4 9. Bc2 g6 10. b3 cxb3 11. axb3 Bg7 12. Re1 Nh6 13. Ba3 Ng4 14. Qe2 Ngxe5 15. Ng5 Bd7 16. Nd2 h6 17. Ngf3 Nxf3+ 18. Nxf3 Bxc3 19. Bxg6+ Kd8 20. Rac1 Bxe1 21. Qxe1 Qxb3 22. Bd6 Rg8 23. Bf7 Rg7 24. Bh5 d4 25. Ne5 Qd5 26. Nf7+ Kc8 27. Bg3 Qxh5 28. Nd6+ Kd8 29. Nxb7+ Ke7 0-1


[Site "https://www.chess.com"]

[Event "Titled Tuesday Blitz August 16 Late 2022"]
[White "Potapova, Margarita"]
[Black "Roman, Rodrigo"]
[WhiteFideId "14126869"]
[BlackFideId "3701220"]
[WhiteElo "2225"]
[BlackElo "2001"]
[Result "1-0"]
[Round "08"]
[TimeControl "180+1"]
[Date "2022.08.18"]
[WhiteClock "0:00:00"]
[BlackClock "0:00:00"]

1. d4 Nf6 2. Bg5 d5 3. e3 Ne4 4. Bf4 c5 5. Nf3 Nc6 6. Nbd2 Qb6 7. Rb1 cxd4 8. Nxe4 dxe4 9. Nxd4 e5 10. Nxc6 exf4 11. Nd4 fxe3 12. fxe3 Bd7 13. Be2 Qh6 14. Qd2 Bd6 15. Nb5 Qh4+ 16. Kf1 Qf6+ 17. Ke1 Be5 18. Rd1 Bc6 19. Nd6+ Ke7 20. Qb4 Bxd6 21. Qc4 Rhd8 22. c3 Qh4+ 23. Kd2 Qf2 24. Rhf1 Bc5+ 25. Kc2 Bxe3 26. Rxf2 Bxf2 27. Rf1 e3 28. Bd3 g6 29. Qf4 f5 30. Qh6 Kf6 31. Qxh7 Rxd3 32. Kxd3 Rd8+ 33. Kc4 Bd5+ 34. Kb4 a5+ 35. Ka3 e2 36. Rxf2 e1=Q 37. Qh4+ Kg7 38. Qxd8 Qxf2 39. Qxd5 Qb6 40. Qd4+ Qxd4 41. cxd4 Kf6 42. Kb3 Ke6 43. Kc4 Kd6 44. d5 g5 45. Kd4 b5 46. a3 a4 47. h3 f4 48. Ke4 Kd7 49. Ke5 Ke7 50. Kf5 f3 51. gxf3 Kd7 52. Kxg5 b4 53. axb4 Kd6 54. h4 Kxd5 55. h5 Kc4 56. h6 Kxb4 57. h7 a3 58. bxa3+ Kxa3 59. h8=Q Ka4 60. f4 Kb4 61. f5 Kb5 62. f6 Kc6 63. f7 Kd5 64. f8=Q Kc4 65. Qf4+ Kd3 66. Qh3+ Kc2 67. Qf2+ Kd1 68. Qh1# 1-0


[Site "https://www.chess.com"]

[Event "Titled Tuesday Blitz August 16 Late 2022"]
[White "Pourkashiyan, Atousa"]
[Black "Filgueira, Hernan"]
[WhiteFideId "12502014"]
[BlackFideId "101770"]
[WhiteElo "2247"]
[BlackElo "2363"]
[Result "0-1"]
[Round "08"]
[TimeControl "180+1"]
[Date "2022.08.18"]
[WhiteClock "0:00:00"]
[BlackClock "0:00:00"]

1. e4 d6 2. d4 Nf6 3. Nc3 c6 4. a4 g6 5. Nf3 Bg7 6. Bc4 d5 7. Bd3 dxe4 8. Nxe4 Nbd7 9. O-O Nxe4 10. Bxe4 Nf6 11. Bd3 Bg4 12. c3 O-O 13. h3 Bxf3 14. Qxf3 Re8 15. Bg5 Qc7 16. Rfe1 a5 17. Re2 Nd5 18. Rae1 e6 19. h4 c5 20. dxc5 Qxc5 21. h5 Ne7 22. Bxe7 Rxe7 23. hxg6 hxg6 24. Bxg6 fxg6 25. Rxe6 Rxe6 26. Rxe6 Qf5 27. Qxb7 Rf8 28. Re2 Qb1+ 29. Kh2 Qf5 30. Qb3+ Kh7 31. Qc4 Qf4+ 32. Qxf4 Rxf4 33. Re7 Rxa4 34. Ra7 Ra2 35. b4 a4 36. b5 Kh6 37. b6 Bxc3 38. b7 Be5+ 39. Kh3 Rxf2 40. Rxa4 Rb2 41. Re4 Bb8 42. Re7 Kg5 43. Rf7 Rb3+ 44. Rf3 Rxb7 45. Rd3 Rb2 46. Rd5+ Kh6 47. Rd3 g5 48. Ra3 Rb4 49. g3 Be5 50. Re3 g4+ 51. Kg2 Bf6 52. Re2 Rb2 53. Rxb2 Bxb2 54. Kf2 Kg5 55. Ke2 Kf5 56. Ke3 Be5 57. Kf2 Ke4 58. Kg2 Ke3 59. Kg1 Kf3 60. Kh2 Bxg3+ 61. Kh1 Bf4 62. Kg1 g3 63. Kh1 g2+ 64. Kg1 Be3+ 0-1


[Site "https://www.chess.com"]

[Event "Titled Tuesday Blitz August 16 Late 2022"]
[White "Putnam, Liam"]
[Black "Deviprasath, Sharvesh"]
[WhiteFideId "30938279"]
[BlackFideId "30938228"]
[WhiteElo "2035"]
[BlackElo "2102"]
[Result "0-1"]
[Round "08"]
[TimeControl "180+1"]
[Date "2022.08.18"]
[WhiteClock "0:00:00"]
[BlackClock "0:00:00"]

1. e4 c5 2. Nc3 Nc6 3. Bb5 Nd4 4. Nf3 g6 5. O-O Bg7 6. Bc4 e6 7. Nxd4 cxd4 8. Nb5 Qb6 9. c3 a6 10. Nxd4 Bxd4 11. cxd4 Qxd4 12. d3 Ne7 13. Be3 Qxb2 14. Rb1 Qg7 15. Qd2 b5 16. Bb3 Bb7 17. Rbc1 O-O 18. Bh6 Qe5 19. Bxf8 Rxf8 20. Qe3 Nc6 21. f4 Qd6 22. e5 Qd4 23. Kf2 Qxe3+ 24. Kxe3 Ne7 25. g4 Bc6 26. Rc5 Kg7 27. d4 h6 28. h4 Rd8 29. f5 gxf5 30. gxf5 Nxf5+ 31. Rxf5 exf5 32. d5 Ba8 33. Rc7 Kg6 34. Kf4 f6 35. e6 dxe6 36. h5+ Kxh5 37. dxe6 Rd3 38. Bd1+ Rxd1 39. e7 Re1 40. Kxf5 Bd5 41. Kxf6 Bxa2 42. Rc5+ Kg4 43. Rc8 Re6+ 44. Kg7 Rxe7+ 45. Kf8 Rb7 46. Rd8 b4 47. Rd4+ Kf3 48. Rd2 b3 49. Rb2 a5 50. Rd2 a4 51. Rh2 a3 52. Rh3+ Kg4 53. Rxh6 b2 54. Rg6+ Kh5 55. Rg1 b1=Q 56. Rxb1 Rxb1 57. Ke7 Rb7+ 58. Kd6 Rb4 0-1


[Site "https://www.chess.com"]

[Event "Titled Tuesday Blitz August 16 Late 2022"]
[White "Quirke, Jeffrey"]
[Black "McBryde, Lamel"]
[WhiteFideId "2013029"]
[BlackFideId "2058596"]
[WhiteElo "2048"]
[BlackElo "2136"]
[Result "1-0"]
[Round "08"]
[TimeControl "180+1"]
[Date "2022.08.18"]
[WhiteClock "0:00:00"]
[BlackClock "0:00:00"]

1. d4 Nf6 2. c4 g6 3. Nc3 Bg7 4. e4 d6 5. Be2 O-O 6. Nf3 e5 7. O-O Nc6 8. Be3 Ng4 9. Bg5 f6 10. Bh4 g5 11. Bg3 h5 12. d5 Ne7 13. Nd2 f5 14. exf5 Nxf5 15. Bxg4 Nxg3 16. Bxc8 Nxf1 17. Be6+ Kh7 18. Qxh5+ Bh6 19. Rxf1 Qf6 20. Nde4 Qg6 21. Qxg6+ Kxg6 22. f3 a6 23. c5 g4 24. cxd6 cxd6 25. Nxd6 Be3+ 26. Kh1 gxf3 27. gxf3 Rh8 28. Nde4 Rh5 29. Bg4 Rh6 30. d6 Rah8 31. h3 b5 32. a3 b4 33. axb4 Rb8 34. d7 Rhh8 35. Nd5 Bd4 36. Rc1 a5 37. Rc8 1-0


[Site "https://www.chess.com"]

[Event "Titled Tuesday Blitz August 16 Late 2022"]
[White "Rasulov, Vugar"]
[Black "Badmatsyrenov, Oleg"]
[WhiteFideId "13402390"]
[BlackFideId "24115762"]
[WhiteElo "2509"]
[BlackElo "2403"]
[Result "1-0"]
[Round "08"]
[TimeControl "180+1"]
[Date "2022.08.16"]
[WhiteClock "0:01:28"]
[BlackClock "0:00:14"]

1. d4 Nf6 2. c4 c5 3. d5 e6 4. Nc3 exd5 5. cxd5 d6 6. Nf3 g6 7. Nd2 Bg7 8. e4 O-O 9. Be2 Na6 10. O-O Re8 11. f3 Nd7 12. Nc4 Ne5 13. Ne3 f5 14. f4 Nf7 15. exf5 gxf5 16. Kh1 Bd7 17. Bd2 Bd4 18. Nc2 Bg7 19. Rf3 Kh8 20. Rh3 Qf6 21. Be1 Nh6 22. Ne3 Ng4 23. Nxg4 fxg4 24. Rg3 Qxf4 25. Bd2 Qe5 26. Bxg4 Bxg4 27. Qxg4 Qd4 28. Qxd4 Bxd4 29. Nb5 Bxb2 30. Nxd6 Bxa1 31. Nf7# 1-0


[Site "https://www.chess.com"]

[Event "Titled Tuesday Blitz August 16 Late 2022"]
[White "Remolar Gallen, Jose"]
[Black "Michalski, Olaf"]
[WhiteFideId "2215187"]
[BlackFideId "1106740"]
[WhiteElo "2205"]
[BlackElo "1937"]
[Result "1-0"]
[Round "08"]
[TimeControl "180+1"]
[Date "2022.08.18"]
[WhiteClock "0:00:00"]
[BlackClock "0:00:00"]

1. e4 c5 2. Nf3 a6 3. d4 cxd4 4. Nxd4 Nf6 5. Nc3 e5 6. Nde2 Bc5 7. Bg5 Bxf2+ 8. Kxf2 Ng4+ 9. Kg1 Qxg5 10. Nd5 O-O 11. Nec3 Nc6 12. Be2 Nf6 13. h4 Qh6 14. g4 Nxd5 15. Nxd5 Qd6 16. g5 Nd4 17. c3 Ne6 18. Nf6+ 1-0


[Site "https://www.chess.com"]

[Event "Titled Tuesday Blitz August 16 Late 2022"]
[White "Riehle, Marco"]
[Black "Hansen, Eric"]
[WhiteFideId "12904392"]
[BlackFideId "2606771"]
[WhiteElo "2462"]
[BlackElo "2568"]
[Result "1-0"]
[Round "08"]
[TimeControl "180+1"]
[Date "2022.08.16"]
[WhiteClock "0:00:09"]
[BlackClock "0:00:01"]

1. e4 c5 2. a3 d6 3. b4 Nf6 4. Nc3 Nc6 5. b5 Nd4 6. Nf3 Bg4 7. Be2 Bxf3 8. Bxf3 Nxf3+ 9. Qxf3 Nd7 10. Bb2 e6 11. Qg3 h5 12. O-O h4 13. Qe3 h3 14. g3 Be7 15. Ne2 Bf6 16. Bxf6 Qxf6 17. f4 a6 18. c4 axb5 19. cxb5 O-O 20. a4 Ra5 21. Ra2 Rfa8 22. Rfa1 Nb6 23. Nc3 Qd4 24. Kf2 Nc4 25. Qxd4 cxd4 26. Nd1 e5 27. d3 Nb6 28. fxe5 dxe5 29. Nb2 Rc8 30. Kf3 Rc2 31. Nc4 Rxa2 32. Rxa2 Rxa4 33. Rxa4 Nxa4 34. Nxe5 Nc5 35. Ke2 Kf8 36. Nf3 Ne6 37. Ng1 Ng5 38. Nf3 Ne6 39. Ng1 Ke7 40. Nxh3 Nc7 41. b6 Na8 42. Ng5 Nxb6 43. Nf3 Kd6 44. Nxd4 g6 45. h4 Nd7 46. Ke3 Ne5 47. Nf3 Ng4+ 48. Kf4 Nf2 49. Ke3 Ng4+ 50. Kf4 Nf2 51. d4 b5 52. Ke3 Ng4+ 53. Kf4 Nf2 54. g4 b4 55. Nd2 Nd3+ 56. Kg5 Ke7 57. h5 gxh5 58. gxh5 Nc1 59. h6 Kf8 60. d5 Nd3 61. d6 Ne5 62. Kf5 Nd7 63. Nb3 Kg8 64. e5 Nf8 65. Kf6 Nd7+ 66. Kf5 Nf8 67. Nc5 b3 68. Nxb3 Nd7 69. Kg5 Nxe5 70. Kf6 Ng4+ 71. Ke7 Ne5 72. Nd4 1-0


[Site "https://www.chess.com"]